 Dungeon Crawl Stone Soup version 0.26-a0-43-g20b394cb32 (webtiles) character file.

Game seed: 6852242200582633685

398 Mrkan the Chopper (level 6, 0/56 HPs)
             Began as a Hill Orc Fighter on June 2, 2020.
             Succumbed to an orc's poison
             ... on level 3 of the Dungeon.
             The game lasted 00:03:38 (2404 turns).

Mrkan the Chopper (Hill Orc Fighter)                Turns: 2404, Time: 00:03:39

Health: 0/56       AC: 10    Str: 21    XL:     6   Next: 83%
Magic:  6/6        EV:  7    Int:  8    God:
Gold:   125        SH:  9    Dex: 10    Spells: 5/5 levels left

rFire    . . .     SeeInvis .   a - +0 war axe
rCold    . . .     Gourm    .   c - +0 kite shield
rNeg     . . .     Faith    .   b - +0 scale mail
rPois    +         Spirit   .   (no helmet)
rElec    .         Reflect  .   n - +2 cloak {rPois}
rCorr    .         Harm     .   (no gloves)
MR       .....                  (no boots)
Stlth    ..........             (no amulet)
HPRegen  0.18/turn              (no ring)
MPRegen  0.10/turn              (no ring)

@: lethally poisoned (0 -> -5), stab, flying, hasted, very quick
A: no striking features
a: no special abilities


You were on level 3 of the Dungeon.
You were not hungry.

You visited 1 branch of the dungeon, and saw 3 of its levels.

You collected 125 gold pieces.

Inventory:

Hand Weapons
 a - a +0 war axe (weapon)
Armour
 b - a +0 scale mail (worn)
 c - a +0 kite shield (worn)
 n - a +2 cloak of poison resistance (worn)
Scrolls
 h - 2 scrolls of identify {unknown}
 i - a scroll of enchant weapon {unknown}
 j - 3 scrolls of teleportation {unknown}
 k - 2 scrolls of remove curse {unknown}
Potions
 d - 2 potions of might
Comestibles
 f - 2 rations
 o - 10 chunks of flesh


   Skills:
 + Level 5.2 Fighting
 * Level 6.2 Axes
 + Level 4.6 Armour
 + Level 4.6 Shields


You had 5 spell levels left.
You didn't know any spells.
Your spell library was empty.

Dungeon Overview and Level Annotations

Branches:
Dungeon (3/15)

Altars:


Message History

* * * LOW HITPOINT WARNING * * *
You feel sick.
It was a potion of cancellation.
You feel magically purged.
* * * LOW HITPOINT WARNING * * *
You feel sick.
It was a potion of flight.
You feel very buoyant.
You fly up into the air.
* * * LOW HITPOINT WARNING * * *
You feel sick.
It was a potion of stabbing.
You feel ready to backstab.
It was a potion of haste.
You feel yourself speed up.
* * * LOW HITPOINT WARNING * * *
You feel sick.
Okay, then.
* * * LOW HITPOINT WARNING * * *
You feel sick.
Items here: ))) [[ † You die...

#.....#
###.#.#.#
#.....#.#
#.#.###.#
#....)..#
#####)###
#)# #.#
#@# #.#
#.# #.#
#.# #.#
#.# #.#


There were no monsters in sight!

Vanquished Creatures
  Sigmund (D:2)
  An orc wizard (D:3)
  Terence (D:2)
  3 gnolls (D:3)
  6 adders (D:2)
  An ooze (D:2)
  2 worms (D:2)
  2 dart slugs
  A leopard gecko (D:1)
  7 orcs (D:3)
  3 bats
  4 giant cockroaches
  3 goblins (D:2)
  6 hobgoblins
  5 jackals
  7 kobolds
  2 quokkas
  2 ball pythons
  8 frilled lizards
  9 rats
74 creatures vanquished.

Notes
Turn   | Place    | Note
-------+----------+-------------------------------------------
     0 | D:1      | Mrkan the Hill Orc Fighter began the quest for the Orb.
     0 | D:1      | Reached XP level 1. HP: 19/19 MP: 1/1
    83 | D:1      | Reached skill level 3 in Axes
    97 | D:1      | Reached XP level 2. HP: 27/27 MP: 2/2
   676 | D:1      | Reached XP level 3. HP: 33/33 MP: 3/3
  1105 | D:2      | Noticed Sigmund
  1115 | D:2      | Killed Sigmund
  1115 | D:2      | Reached skill level 5 in Axes
  1115 | D:2      | Reached XP level 4. HP: 29/41 MP: 4/4
  1115 | D:2      | Reached XP level 5. HP: 33/47 MP: 5/5
  1264 | D:2      | Reached XP level 6. HP: 53/53 MP: 6/6
  1415 | D:2      | Noticed Terence
  1422 | D:2      | Killed Terence
  1710 | D:2      | Reached skill level 5 in Fighting
  2240 | D:3      | Reached skill level 6 in Axes
  2401 | D:3      | HP: 2/56 [poisoned by an orc]
  2404 | D:3      | Succumbed to an orc's poison

Illustrated notes

Levels and vault maps discovered:
D:1:      nicolae_arrival_memento_mori, layout_basic, st_stairs_1
D:2:      layout_loops_ring, first_ration, uniq_terence, uniq_sigmund
D:3:      layout_loops_ring, makhleb_altar_promises_db

Skill      XL: |  1  2  3  4  5  6 |
---------------+-------------------+-----
Axes           | 3 5 6 |  6.2
Fighting       | 4 5 |  5.2
Armour         | 4 |  4.6
Shields        | 4 |  4.6

Action                   |  1- 3 |  4- 6 || total
-------------------------+-------+-------++-------
Melee: War axe           |   103 |   158 ||   261
  Use: Potion            |       |     4 ||     4
  Eat: Chunk             |     1 |     4 ||     5
Armor: Scale mail        |    55 |    62 ||   117
Dodge: Dodged            |    28 |    39 ||    67
Block: Kite shield       |    44 |    80 ||   124

Table legend:
 A = Non-vault XP
 B = Vault XP
 C = Vault XP percentage of total XP
 D = Non-vault monster count
 E = Vault monster count
 F = Vault count percentage of total count
                 A         B        C        D         E       F
            +---------+---------+-------+---------+---------+-------
      Total |     286 |     283 |  49.7 |      70 |       4 |   5.4
            +---------+---------+-------+---------+---------+-------
        D:1 |      41 |       3 |   6.8 |      25 |       2 |   7.4
        D:2 |     132 |     280 |  68.0 |      29 |       2 |   6.5
        D:3 |     113 |       0 |   0.0 |      16 |       0 |   0.0
            +---------+---------+-------+---------+---------+-------
